[Event "*** Titled Tuesday Blitz"]
[Site "Chess.com"]
[Date "2020.05.19"]
[Round "3"]
[White "fighter2jz"]
[Black "francyIM"]
[Result "1/2-1/2"]
[WhiteElo "2753"]
[BlackElo "2524"]
[TimeControl "180+1"]
[EndTime "12:28:54 PDT"]
[Termination "Game drawn by agreement"]

1. e4 e5 2. Nf3 Nc6 3. Bb5 a6 4. Ba4 Nf6 5. O-O d6 6. Bxc6+ bxc6 7. d4 exd4 8. Qxd4 c5 9. Qd3 Nd7 10. Bg5 Be7 11. Bxe7 Qxe7 12. c4 Bb7 13. Nc3 Ne5 14. Nxe5 Qxe5 15. Rad1 O-O 16. f4 Qe6 17. f5 Qe5 18. f6 g6 19. Qe3 Kh8 20. Qh6 Rg8 21. Rd3 Qh5 22. Qf4 g5 23. Qf5 Qg6 24. Nd5 Bxd5 25.
Rxd5 Rae8 26. e5 Re6 27. h3 g4 28. h4 g3 29. h5 Qxf5 30. Rxf5 Rge8 31. exd6 cxd6 32. Rf1 h6 33. Rd3 Re3 34. Rxd6 Re2 35. Rd3 Rxb2 36. Rxg3 Rxa2 37. Rg7 Rg8 38. Rxg8+ Kxg8 39. Rd1 Rc2 40. Rd8+ Kh7 41. Rf8 Rxc4 42. Rxf7+ Kg8 43.
Rg7+ Kh8 44. g4 Rf4 45. Rg6 Kh7 46. Kg2 c4 47. Kg3 Rf1 48. Rg7+ Kh8 49. Rf7 c3 50. Rf8+ Kh7 51. Rf7+ Kg8 52. Rg7+ Kf8 53. Rc7 Rxf6 54. Rxc3 Re6 55. Kf4 a5 56. Kf5 Ra6 57. g5 hxg5 58. Kxg5 a4 59. Ra3 Kg7 60. h6+ Kh7 61.
Kf5 Kxh6 62. Ke5 1/2-1/2

[Event "*** Titled Tuesday Blitz"]
[Site "Chess.com"]
[Date "2020.05.19"]
[Round "3"]
[White "Isajevsky_Anton"]
[Black "Zurability"]
[Result "0-1"]
[WhiteElo "2411"]
[BlackElo "2696"]
[TimeControl "180+1"]
[EndTime "12:28:54 PDT"]
[Termination "Zurability won by resignation"]

1. c4 e5 2. g3 Nc6 3. Bg2 Bc5 4.
Nc3 d6 5. d3 Nf6 6. Nf3 h6 7. O-O a6 8. e3 O-O 9. a3 Ba7 10. b4 Ne7 11. Bb2 Ng6 12. Rc1 c6 13.
Ne4 Ne8 14. c5 d5 15. Ned2 Bb8 16. e4 Nf6 17. Re1 Re8 18. d4 exd4 19. Nxd4 Bg4 20.
Qc2 dxe4 21. Nxe4 Be5 22. Nxf6+ Qxf6 23. h3 Bxd4 24. Bxd4 Qxd4 25. hxg4 Qxg4 26. Rcd1 h5 27. Kh2 h4 28. Bh3 Qg5 29. Qc3 hxg3+ 30. Qxg3 Qf6 31. Kg1 Nf4 32. Bf1 g6 33. Re3 Nh5 34. Qg4 Rxe3 35. fxe3 Re8 36. e4 Nf4 37. Qf3 Qg5+ 38. Kf2 Qh4+ 39.
Qg3 Qf6 40. Kg1 Rxe4 41. Bg2 Ne2+ 0-1

[Event "*** Titled Tuesday Blitz"]
[Site "Chess.com"]
[Date "2020.05.19"]
[Round "3"]
[White "nihalsarin"]
[Black "LaStreetCmaMaison"]
[Result "1-0"]
[WhiteElo "3013"]
[BlackElo "2585"]
[TimeControl "180+1"]
[EndTime "12:28:54 PDT"]
[Termination "nihalsarin won on time"]

1. f4 Nf6 2. Nf3 g6 3. Nc3 Bg7 4. e4 d6 5. d4 O-O 6. e5 dxe5 7. fxe5 Nd5 8. Bc4 Be6 9. Nxd5 Bxd5 10. Bxd5 Qxd5 11.
Qe2 b5 12. O-O a6 13. Bg5 f6 14. Bf4 c5 15. Rad1 Nc6 16. dxc5 Qxc5+ 17. Be3 Qb4 18. c3 Qe4 19. exf6 exf6 20. Qf2 Rfe8 21. Rfe1 Rad8 22. Rxd8 Nxd8 23. Bd2 Qc6 24. Rxe8+ Qxe8 25. Qb6 Bf8 26.
Qxf6 Bc5+ 27. Kf1 Qd7 28. Ke2 Nf7 29. Qxa6 Qe8+ 30. Kd1 Nd6 31. b4 Qe4 32. bxc5 Qb1+ 33. Ke2 Qe4+ 34. Kf2 Nc4 35. Qxb5 Qd3 36. Qe8+ Kg7 37.
Qe2 Qd5 38. Be3 Ne5 39. Bd4 1-0

[Event "*** Titled Tuesday Blitz"]
[Site "Chess.com"]
[Date "2020.05.19"]
[Round "3"]
[White "silverback96"]
[Black "BanjoKazooieN64"]
[Result "0-1"]
[WhiteElo "2321"]
[BlackElo "2539"]
[TimeControl "180+1"]
[EndTime "12:28:54 PDT"]
[Termination "BanjoKazooieN64 won by resignation"]

1. d4 d5 2. c4 e6 3. Nf3 Nf6 4. g3 dxc4 5. Bg2 Nc6 6. Qa4 Nd7 7. Qxc4 Nb6 8. Qd3 e5 9. Nxe5 Nb4 10. Qc3 Qxd4 11. O-O Qxc3 12. Nxc3 Bd6 13. Bf4 O-O 14.
Rac1 Re8 15. a3 Bxe5 16. Bxe5 Rxe5 17. axb4 c6 18. f4 Re7 19. b5 Bd7 20. bxc6 Bxc6 21.
Bxc6 bxc6 22. e4 Nc4 23. b3 Nd2 24. Rfe1 Nf3+ 25. Kf2 Nxe1 26. Rxe1 Rb8 27. Rd1 g6 28. e5 Reb7 29. Ne4 Rxb3 30. Rd6 Ra3 31. Kg2 h5 32. Nf6+ Kg7 33. Rxc6 Rb2+ 34. Kh3 Raa2 35. g4 Rxh2+ 36. Kg3 Rhg2+ 37. Kf3 hxg4+ 38. Nxg4 Rgc2 39. Rd6 Rc3+ 40.
Ke4 Ra4+ 41. Kd5 Rxf4 42. Nf6 Rd3+ 43. Kc5 Rxd6 44. Ne8+ Kf8 45. Nxd6 Ke7 46. Kd5 a5 47. Nc8+ Kd8 48. Na7 a4 49. Nc6+ Kc7 50. Nd4 Rxd4+ 51. Kxd4 Kd7 52. Kc3 Ke6 53. Kb4 Kxe5 54. Kxa4 0-1

[Event "*** Titled Tuesday Blitz"]
[Site "Chess.com"]
[Date "2020.05.19"]
[Round "3"]
[White "Hangar-18"]
[Black "petrkostenko"]
[Result "0-1"]
[WhiteElo "2314"]
[BlackElo "2537"]
[TimeControl "180+1"]
[EndTime "12:28:54 PDT"]
[Termination "petrkostenko won by checkmate"]

1. b3 b5 2. Bb2 Bb7 3. Nf3 Nf6 4.
e3 b4 5. c4 bxc3 6. Nxc3 e6 7.
d4 d5 8. Be2 Nbd7 9. O-O Be7 10. Rc1 O-O 11. Na4 Rc8 12. Qc2 Ne4 13. Nd2 c5 14. Nxe4 cxd4 15. Qb1 dxe4 16. Bxd4 Qa5 17. Rxc8 Rxc8 18. Qb2 Bf6 19. h3 h5 20. Rd1 h4 21.
Bc4 Ne5 22. Be2 Nd7 23. Bxf6 Nxf6 24. Qd4 Bc6 25. Rc1 Rd8 26. Rc5 Rxd4 27. Rxa5 Rd2 28. Bc4 Bd5 29. Bxd5 exd5 30. Nc3 g5 31. Nb5 g4 32. hxg4 Nxg4 33. Nd4 Rd1# 0-1

[Event "*** Titled Tuesday Blitz"]
[Site "Chess.com"]
[Date "2020.05.19"]
[Round "3"]
[White "realmadridtv"]
[Black "JuliaEfremova"]
[Result "1-0"]
[WhiteElo "2469"]
[BlackElo "2093"]
[TimeControl "180+1"]
[EndTime "12:28:54 PDT"]
[Termination "realmadridtv won by resignation"]

1. d4 Nf6 2. c4 c5 3. d5 b5 4. cxb5 a6 5. bxa6 g6 6. Nc3 Bg7 7. e4 d6 8. Be2 O-O 9. Nf3 Bxa6 10. O-O Nbd7 11. a4 Ng4 12. Bb5 Nge5 13. Nxe5 Nxe5 14.
Bd2 Nd3 15. Qb3 f5 16. exf5 Rxf5 17. Bxa6 Rxa6 18. Nb5 Nf4 19. Rae1 Kh8 20. Bc3 Nxd5 21. Bxg7+ Kxg7 22. g3 Nf6 23. Re6 Ng8 24. Rfe1 Rf6 25.
R6e2 Qa5 26. Rxe7+ Nxe7 27. Rxe7+ Kf8 28. Qe3 Ra8 29.
Rxh7 Rf7 30. Rxf7+ Kxf7 31. Nxd6+ Kf6 32. Ne4+ Kg7 33.
Nxc5 Ra7 34. Qd4+ Kh7 35. Ne6 Qe1+ 36. Kg2 Qxe6 37. Qxa7+ Kh6 38. Qe3+ Qxe3 39. fxe3 Kg5 40. a5 Kf6 41. a6 Ke5 42. a7 Kd6 43. a8=Q 1-0

[Event "*** Titled Tuesday Blitz"]
[Site "Chess.com"]
[Date "2020.05.19"]
[Round "3"]
[White "imdarealist"]
[Black "vova-79"]
[Result "1-0"]
[WhiteElo "2236"]
[BlackElo "2421"]
[TimeControl "180+1"]
[EndTime "12:28:54 PDT"]
[Termination "imdarealist won by resignation"]

1. d4 d5 2. Bf4 Nf6 3. e3 c5 4.
c3 Nc6 5. Nd2 cxd4 6. exd4 Bf5 7. Qb3 Qc8 8. Ngf3 e6 9. Be2 Be7 10. Nh4 Be4 11. Nxe4 dxe4 12. g3 O-O 13. Ng2 Qd7 14.
O-O a6 15. a4 Na5 16. Qc2 b5 17. axb5 axb5 18. Rad1 Rac8 19. Rfe1 Rfd8 20. Bf1 h6 21. Bc1 Qb7 22. Ne3 b4 23. c4 b3 24. Qe2 Bb4 25.
Bd2 Nc6 26. Bc3 e5 27. dxe5 Bxc3 28. exf6 Bxf6 29. Rxd8+ Rxd8 30. Nd5 Nd4 31. Qxe4 Qa6 32. Nxf6+ Qxf6 33. Bg2 Nc2 34. Rb1 g6 35. c5 Rd4 36.
Qf3 Qa6 37. c6 Qa2 38. Rd1 Qxb2 39. c7 Qc3 40. Qxc3 Rxd1+ 41. Bf1 b2 42. c8=Q+ 1-0

[Event "*** Titled Tuesday Blitz"]
[Site "Chess.com"]
[Date "2020.05.19"]
[Round "3"]
[White "santosalberto1987"]
[Black "grandcoach"]
[Result "1-0"]
[WhiteElo "2467"]
[BlackElo "2059"]
[TimeControl "180+1"]
[EndTime "12:28:55 PDT"]
[Termination "santosalberto1987 won by resignation"]

1. e4 c5 2. Nf3 e6 3. g3 Nc6 4.
Bg2 Nf6 5. Qe2 Be7 6. O-O O-O 7. c3 b6 8. d4 cxd4 9. cxd4 Nb4 10. Rd1 Ba6 11.
Qd2 Nxe4 12. Qe3 d5 13. Na3 Rc8 14. Bd2 Nd3 15. Bf1 Ndxf2 16. Bxa6 Nxd1 17. Rxd1 Rc7 18. Bd3 f5 19. Nb5 Rc8 20. Nxa7 Ra8 21. Nc6 Qc7 22.
Nxe7+ Qxe7 23. a3 f4 24. gxf4 Qf6 25. Bxe4 dxe4 26. Qxe4 Rad8 27. Be3 Rd5 28. Ne5 Qh4 29. Kh1 Qh5 30. Rg1 Rc8 31. Ng4 Kh8 32. Qxe6 Re8 33.
Qc6 Rdd8 34. Qf3 Rc8 35. Bf2 Rc2 36. Qg3 Ree2 37. Ne5 Qh6 38. Nf7+ 1-0

[Event "*** Titled Tuesday Blitz"]
[Site "Chess.com"]
[Date "2020.05.19"]
[Round "3"]
[White "colegiodemadrid"]
[Black "KafkaesqueKnight"]
[Result "0-1"]
[WhiteElo "2367"]
[BlackElo "2158"]
[TimeControl "180+1"]
[EndTime "12:28:55 PDT"]
[Termination "KafkaesqueKnight won by checkmate"]

1. e4 c5 2. Nf3 d6 3. d4 cxd4 4. Nxd4 Nf6 5. Nc3 a6 6. Be3 e5 7. Nb3 Be6 8. f3 b5 9. Qd2 Nbd7 10. O-O-O Nb6 11. Na5 Qc7 12. g4 Rc8 13. Kb1 Be7 14. g5 Nh5 15. Nd5 Nxd5 16. exd5 Bxd5 17. Qxd5 Qxa5 18.
Bh3 O-O 19. Bg4 Nf4 20. Bxf4 Rc5 21. Qb7 Rc7 22. Qe4 exf4 23. Qxf4 Rc4 24. Qf5 g6 25. Qd5 Rc5 26. Qe4 Bxg5 27. f4 Bf6 28. h4 Rc4 29. Qe3 Qb4 30. Qb3 Rxf4 31. Rhg1 Rxg4 32. Qxb4 Rxb4 33.
h5 Rxb2+ 34. Kc1 Rxa2 35. hxg6 Bc3 36. gxh7+ Kh8 37. Rh1 Ra1# 0-1

[Event "*** Titled Tuesday Blitz"]
[Site "Chess.com"]
[Date "2020.05.19"]
[Round "3"]
[White "Too_Stupid_To_Play"]
[Black "PIwan"]
[Result "1-0"]
[WhiteElo "2302"]
[BlackElo "2504"]
[TimeControl "180+1"]
[EndTime "12:28:57 PDT"]
[Termination "Too_Stupid_To_Play won by resignation"]

1. Nf3 d5 2. c4 c6 3. b3 Bg4 4.
Ne5 Bf5 5. Bb2 Nf6 6. e3 e6 7. Be2 Bd6 8. O-O O-O 9. d4 Nfd7 10. Nd2 Nxe5 11. dxe5 Be7 12. Nf3 Nd7 13. Qd2 a5 14.
Rfd1 a4 15. Rac1 axb3 16. axb3 Ra2 17. Ra1 Qa8 18. Nd4 Rxa1 19. Rxa1 Qb8 20. Nxf5 exf5 21. cxd5 Nxe5 22. dxc6 Nxc6 23. Qc2 f4 24. e4 Qd6 25.
Rd1 Qg6 26. Kh1 Bf6 27. Bd3 Bxb2 28. Qxb2 Rd8 29. Qe2 Nd4 30. Qb2 f3 31. gxf3 Nxf3 32. Qe2 Ra8 33. Qxf3 h6 34. e5 Re8 35. Bxg6 1-0

[Event "*** Titled Tuesday Blitz"]
[Site "Chess.com"]
[Date "2020.05.19"]
[Round "3"]
[White "Manukyan_Artak"]
[Black "bmt011"]
[Result "1-0"]
[WhiteElo "2298"]
[BlackElo "2036"]
[TimeControl "180+1"]
[EndTime "12:28:57 PDT"]
[Termination "Manukyan_Artak won on time"]

1. e4 e6 2. d4 d5 3. e5 c5 4. c3 Nc6 5. Nf3 Qb6 6. a3 cxd4 7. cxd4 Nh6 8. b4 Nf5 9. Bb2 a5 10. b5 a4 11. g4 Nfe7 12. Nc3 Na7 13. Nxa4 Qd8 14. Qb3 Ng6 15. h4 h5 16. g5 f6 17. Rc1 Bd7 18. Nc5 fxe5 19. dxe5 Bxc5 20. Rxc5 Qb6 21. Bd4 O-O 22. Qe3 Qa5+ 23. Bc3 Qxa3 24.
Be2 b6 25. Rc7 Bxb5 26. O-O Bxe2 27. Qxe2 Nb5 28. Qxb5 Rxf3 29. Qd7 Qf8 30. Qxe6+ Kh7 31. Qxd5 Qf4 32. Rd1 Qg4+ 33. Kf1 Rxf2+ 34. Kxf2 Rf8+ 35. Ke1 Qg3+ 36. Kd2 Rf2+ 37. Kc1 Qxc3+ 38. Rxc3 1-0

[Event "*** Titled Tuesday Blitz"]
[Site "Chess.com"]
[Date "2020.05.19"]
[Round "3"]
[White "diablanni"]
[Black "giantslayer83"]
[Result "0-1"]
[WhiteElo "2329"]
[BlackElo "2688"]
[TimeControl "180+1"]
[EndTime "12:28:58 PDT"]
[Termination "giantslayer83 won by resignation"]

1. e4 e5 2. Nf3 Nc6 3. d4 exd4 4. Nxd4 Bc5 5. Nxc6 Qf6 6. Qf3 dxc6 7. Nc3 Be6 8. Be3 Bb4 9. Qxf6 Nxf6 10. f3 O-O-O 11. Bd2 Nd7 12. a3 Bd6 13. O-O-O f5 14. Bg5 Rde8 15.
exf5 Bxf5 16. Bd3 Bxd3 17. Rxd3 h6 18. Bd2 Ne5 19. Re3 Nc4 20. Rxe8+ Rxe8 21. Ne4 Be5 22. Bc3 Nd6 23. Bxe5 Rxe5 24. Nc3 b5 25. Kd2 Nc4+ 26.
Kc1 a5 27. Rd1 Nd6 28. b3 b4 29. axb4 axb4 30. Na4 c5 31. Kd2 c4 32. Re1 c3+ 33.
Kd1 Rd5+ 34. Kc1 Rd2 35. Rg1 Nb7 36. Nb2 c5 37. Nc4 Rf2 38. h4 Kc7 39. Ne3 Nd6 40. h5 Kc6 41. Kd1 c4 42. bxc4 Kc5 43. Re1 Nxc4 44.
Nxc4 Kxc4 45. Re4+ Kb5 46. Rg4 Ka4 47. Rxg7 Ka3 48.
Rg4 b3 49. cxb3 c2+ 50. Kc1 Kxb3 0-1

[Event "*** Titled Tuesday Blitz"]
[Site "Chess.com"]
[Date "2020.05.19"]
[Round "3"]
[White "Nikithebest"]
[Black "Kezin_Roman"]
[Result "0-1"]
[WhiteElo "2444"]
[BlackElo "2745"]
[TimeControl "180+1"]
[EndTime "12:28:58 PDT"]
[Termination "Kezin_Roman won on time"]

1. e4 c5 2. Nf3 e6 3. d4 cxd4 4. Nxd4 Nc6 5. Nc3 Qc7 6. Nb3 a6 7.
Bd3 Nf6 8. f4 d6 9. Qe2 b5 10. Bd2 Bb7 11. g4 Nd7 12. a3 Be7 13. O-O-O b4 14. axb4 Nxb4 15. Kb1 Rb8 16. h4 Bc6 17.
Nd4 Nc5 18. Nxc6 Qxc6 19. f5 O-O 20. g5 Nbxd3 21. cxd3 Rb3 22. Kc2 Rfb8 23. Rb1 Na4 24. Rhc1 Nxb2 25. d4 Bd8 26. d5 Qc5 27. fxe6 Ba5 28.
exf7+ Kf8 29. Qf3 Qc4 30. h5 Na4 31. Rxb3 Rxb3 32. h6 Bxc3 33. hxg7+ Bxg7+ 0-1

[Event "*** Titled Tuesday Blitz"]
[Site "Chess.com"]
[Date "2020.05.19"]
[Round "3"]
[White "canary2016"]
[Black "RichardShtivelband"]
[Result "0-1"]
[WhiteElo "1948"]
[BlackElo "2280"]
[TimeControl "180+1"]
[EndTime "12:28:58 PDT"]
[Termination "RichardShtivelband won by resignation"]

1. Nf3 Nf6 2. g3 d5 3. Bg2 Bf5 4. O-O h6 5. d4 e6 6. c4 c6 7. Nc3 Nbd7 8. Bf4 Be7 9. e3 O-O 10. Qe2 Ne4 11. Ne5 g5 12. Nxe4 dxe4 13. g4 gxf4 14. gxf5 f3 15. Bxf3 exf3 16. Qxf3 Nxe5 17.
dxe5 Kh7 18. Kh1 Rg8 19. f6 Bf8 20. Rg1 Rg6 21. Qe4 Bc5 22. Rg3 Qb6 23. Rag1 Rg8 24. h4 h5 25. Rg5 Bf8 26. Rxh5+ Bh6 27. Rg3 Qxb2 28. Qf4 Qb1+ 29. Kh2 b5 30. Rxh6+ Rxh6 31. Rxg8 Kxg8 32. Qxh6 Qg6 33. Qxg6+ fxg6 34. Kg3 b4 35. Kf4 a5 36. Ke4 a4 37. Kd3 c5 38. f3 Kf7 39. e4 Kg8 40. f4 Kf7 41. f5 exf5 42. exf5 gxf5 43. h5 f4 44. h6 Kg6 45. h7 Kxh7 46.
e6 Kg6 47. f7 Kg7 48. Ke4 b3 49. axb3 axb3 50. Kd3 b2 51. Kc2 f3 52. Kxb2 f2 53. Kc2 f1=Q 54. Kc3 Qf4 55. Kd3 Qd4+ 56. Ke2 Qxc4+ 57.
Kf3 Qxe6 58. Kg3 Qxf7 59. Kg4 Qf6 60. Kg3 Qf5 61. Kg2 Qf4 62. Kh3 Qg5 63. Kh2 Qg4 64.
Kh1 Kf6 0-1

[Event "*** Titled Tuesday Blitz"]
[Site "Chess.com"]
[Date "2020.05.19"]
[Round "3"]
[White "KaterinaMiroshnik"]
[Black "Alexander_Donchenko"]
[Result "1-0"]
[WhiteElo "2439"]
[BlackElo "2677"]
[TimeControl "180+1"]
[EndTime "12:28:59 PDT"]
[Termination "KaterinaMiroshnik won by checkmate"]

1. d4 d6 2. c4 e5 3. Nf3 e4 4. Nfd2 f5 5. e3 Nf6 6. Nc3 Be7 7. f3 exf3 8. Nxf3 O-O 9. Bd3 Qe8 10. O-O c6 11. b4 Na6 12. a3 Nc7 13. Qc2 a5 14.
bxa5 Rxa5 15. Bd2 Bd7 16. Nb5 Rxb5 17. cxb5 Nfd5 18. bxc6 bxc6 19. a4 Bf6 20. Rfe1 Qh5 21. a5 g5 22. Rf1 g4 23. Ne1 f4 24. Bc4 Kh8 25. a6 fxe3 26. Bc3 Kg7 27. a7 Na8 28. Nd3 e2 29. Rfe1 Ne3 30. Qxe2 Nxc4 31. Nf4 Qf5 32.
Nd3 Re8 33. Qf1 Rxe1 34. Rxe1 Qg5 35. Qe2 h5 36. Nf2 Qd5 37. Ne4 Bxd4+ 38. Bxd4+ Qxd4+ 39. Kh1 Bf5 40. Ng3 Bg6 41. Qe7+ Kh6 42. Qf8+ Kg5 43. Rf1 Qxa7 44. Qf4+ Kh4 45. Qf6# 1-0

[Event "*** Titled Tuesday Blitz"]
[Site "Chess.com"]
[Date "2020.05.19"]
[Round "3"]
[White "Airquake"]
[Black "konradrutkowski"]
[Result "0-1"]
[WhiteElo "2507"]
[BlackElo "2310"]
[TimeControl "180+1"]
[EndTime "12:28:59 PDT"]
[Termination "konradrutkowski won on time"]

1. g3 d5 2. Bg2 Nf6 3. Nf3 c6 4. O-O Bg4 5. b3 e6 6. Bb2 Nbd7 7. c4 Be7 8. d4 O-O 9. Nc3 Re8 10. h3 Bxf3 11.
Bxf3 Bd6 12. Bg2 Qe7 13. Qc2 Ba3 14. Rad1 a6 15. Ba1 b5 16. e4 dxe4 17. Nxe4 Rac8 18. Rfe1 Bb4 19. Re2 Nxe4 20. Qxe4 Nf6 21. Qc2 Qa7 22. Bb2 Be7 23. Kh2 Red8 24. a3 c5 25. d5 exd5 26. cxd5 Ne8 27. Rde1 Bf6 28. Bc1 Nd6 29. Bf4 g6 30. h4 h5 31. Bf3 Kg7 32. Qc1 c4 33. b4 Nf5 34. Bg2 c3 35. Re4 Rxd5 36. Re8 Rxe8 37.
Rxe8 Rd7 38. Rc8 Qxf2 0-1

[Event "*** Titled Tuesday Blitz"]
[Site "Chess.com"]
[Date "2020.05.19"]
[Round "3"]
[White "PlayChessSimple"]
[Black "ViktoriyaTarasova"]
[Result "0-1"]
[WhiteElo "2491"]
[BlackElo "2281"]
[TimeControl "180+1"]
[EndTime "12:28:59 PDT"]
[Termination "ViktoriyaTarasova won on time"]

1. e4 e5 2. Nf3 Nc6 3. Nc3 Nf6 4. Bb5 Bc5 5. O-O O-O 6. Nxe5 Nxe5 7. d4 Bd6 8. f4 Neg4 9. e5 Bb4 10. h3 d6 11. Be2 dxe5 12. fxe5 Nxe5 13. dxe5 Qxd1 14. Rxd1 Bxc3 15. bxc3 Ne4 16. Bb2 Bf5 17. Bf3 Rfd8 18. Rd4 Ng5 19. Bxb7 Rxd4 20. Bxa8 Rd2 21. Rf1 Be4 22.
Bxe4 Nxe4 23. Rf4 Ng3 24. Rb4 h5 25. c4 h4 26. e6 fxe6 27. Be5 Rxc2 28. Bxc7 Ne4 29.
Be5 Rc1+ 30. Kh2 Nf2 31. g3 Nd3 32. Rb8+ Kh7 33. Bd4 Rc2+ 34. Kg1 hxg3 35. Rb7 e5 36.
Bxa7 Nf4 37. Rb1 Nxh3+ 38. Kf1 Nf4 39. a4 g2+ 40. Ke1 Rxc4 41. a5 Ra4 42. Bb6 Rxa5 43. Kf2 Ra2+ 44. Kf3 Kg6 45. Be3 Ra3 0-1

[Event "*** Titled Tuesday Blitz"]
[Site "Chess.com"]
[Date "2020.05.19"]
[Round "3"]
[White "TigranMukhutdinov"]
[Black "emiliocordova"]
[Result "1-0"]
[WhiteElo "2467"]
[BlackElo "2788"]
[TimeControl "180+1"]
[EndTime "12:29:00 PDT"]
[Termination "TigranMukhutdinov won by resignation"]

1. Nf3 Nf6 2. g3 c5 3. Bg2 b6 4. O-O Bb7 5. b3 e6 6. Bb2 Be7 7. c4 O-O 8. d4 cxd4 9. Nxd4 Bxg2 10. Kxg2 a6 11. Nc3 Qc7 12. e4 Qb7 13. Qe2 d6 14. f3 Nbd7 15. Rfd1 Rfe8 16. Rac1 Bf8 17. Nc2 Rac8 18.
Ne3 Rb8 19. a4 Rbc8 20. Ba3 Nc5 21. b4 Ncd7 22. Bb2 Ne5 23. Nb1 h5 24. h4 Rb8 25.
b5 a5 26. Ba3 Red8 27. Nd2 d5 28. Bxf8 dxe4 29. Ba3 Rxd2 30. Qxd2 exf3+ 31. Kh3 Ne4 32. Qd4 f6 33. Rf1 f2 34. Rc2 Nf3 35. Qd1 g5 36.
hxg5 Nexg5+ 37. Kg2 Qe4 38. Rfxf2 Ne5+ 39. Kh2 Qxe3 40. Bc1 Nef3+ 41. Kg2 Ne1+ 42. Kf1 Nxc2 43. Qxc2 Qe4 44. Bxg5 Qxc2 45. Rxc2 fxg5 46. c5 bxc5 47. Rxc5 Rf8+ 48. Kg2 g4 49. Rxh5 Rf3 50. Rg5+ Kf7 51. Rxg4 Rb3 52. Rf4+ Kg6 53. Re4 Kf5 54. Re2 Rb4 55.
Kf3 e5 56. g4+ Rxg4 57. Rxe5+ 1-0

[Event "*** Titled Tuesday Blitz"]
[Site "Chess.com"]
[Date "2020.05.19"]
[Round "3"]
[White "Borsuk_Konstantin"]
[Black "parmupill123"]
[Result "1-0"]
[WhiteElo "2637"]
[BlackElo "2408"]
[TimeControl "180+1"]
[EndTime "12:29:00 PDT"]
[Termination "Borsuk_Konstantin won on time"]

1. d4 e6 2. c4 b6 3. Nc3 Bb7 4. a3 Nf6 5. f3 d5 6. cxd5 Nxd5 7. e4 Nxc3 8. bxc3 Be7 9. Nh3 Nc6 10. Be2 O-O 11. O-O Na5 12. c4 Qd7 13. Bb2 Rad8 14. Qc2 Bc6 15. a4 Bf6 16. e5 Be7 17. Bd3 g6 18.
Kh1 Bb7 19. Rfd1 c5 20. dxc5 Qc7 21. cxb6 axb6 22. Nf2 Nc6 23. Ng4 Nb4 24. Qb3 Nxd3 25. Rxd3 h5 26. Nf6+ Kg7 27. Rad1 Rxd3 28. Qxd3 Rd8 29.
Qc2 Rxd1+ 30. Qxd1 Qxc4 31. h3 Qb4 32. Qc2 Qf4 33. Qc3 h4 34. Qc7 Bc5 35. Qd7 Qe3 36. Qd1 1-0

[Event "*** Titled Tuesday Blitz"]
[Site "Chess.com"]
[Date "2020.05.19"]
[Round "3"]
[White "Tapuah"]
[Black "Koksik_13"]
[Result "1-0"]
[WhiteElo "2787"]
[BlackElo "2534"]
[TimeControl "180+1"]
[EndTime "12:29:01 PDT"]
[Termination "Tapuah won by checkmate"]

1. e4 e6 2. d4 d5 3. e5 c5 4. c3 Qb6 5. Nf3 Nc6 6. a3 Nh6 7. Bd3 cxd4 8. cxd4 Nf5 9. Bxf5 exf5 10. Nc3 Be6 11. O-O Be7 12. h4 h6 13. Ne2 O-O-O 14.
b4 Kb8 15. Bf4 Rdg8 16. Qd2 Qd8 17. Qc3 g5 18. Bd2 a6 19. Rfc1 Qb6 20. Ne1 gxh4 21.
Nd3 Rg4 22. Nc5 Rhg8 23. Nf4 Ka8 24. a4 Bg5 25. b5 Bxf4 26. Bxf4 Rxg2+ 27. Kh1 Rxf2 28. bxc6 Qxc6 29. Qe3 Rfg2 30. Rab1 Bc8 31. Nxb7 Qg6 32. Rxc8+ Rxc8 33. Nd6 Rg8 34. Qf3 h3 35. Qxd5+ Ka7 36.
Qb7# 1-0

[Event "*** Titled Tuesday Blitz"]
[Site "Chess.com"]
[Date "2020.05.19"]
[Round "3"]
[White "temus_galaktionov"]
[Black "catalin009"]
[Result "1-0"]
[WhiteElo "2700"]
[BlackElo "2428"]
[TimeControl "180+1"]
[EndTime "12:29:01 PDT"]
[Termination "temus_galaktionov won on time"]

1. d4 g6 2. Nf3 Bg7 3. c4 d6 4. Nc3 Nf6 5. e4 O-O 6. Be2 Bg4 7. Ng1 Bc8 8. Nf3 Bg4 9. Ng1 Bd7 10. Be3 Nc6 11. g4 e5 12. d5 Ne7 13. h4 c6 14.
h5 cxd5 15. cxd5 b5 16. h6 Bh8 17. g5 Ne8 18. Bxb5 Bxb5 19. Nxb5 Qa5+ 20. Nc3 Rb8 21.
Qd2 f6 22. Nh3 Nc7 23. O-O fxg5 24. Nxg5 Bf6 25. Kg2 Qb4 26. b3 Rbc8 27. Rac1 a6 28. f3 Kh8 29. Na4 Qb7 30. Rc4 Nb5 31. Ne6 Rfe8 32. Rfc1 Ng8 33. Nb6 Rxc4 34. Rxc4 Nd4 35. Nxd4 exd4 36. Bxd4 Qe7 37. Nc8 Qf8 38. Qc3 Re5 39.
Bxe5 Bxe5 40. Qe3 Bf4 41. Qd4+ Be5 42. Qe3 Bf4 43. Qf2 Qxh6 44. Kf1 Qh1+ 45. Ke2 Qb1 46. Qd4+ Be5 47. Qd2 Qg1 48. Qe3 Qb1 49. a4 1-0

[Event "*** Titled Tuesday Blitz"]
[Site "Chess.com"]
[Date "2020.05.19"]
[Round "3"]
[White "mjray79"]
[Black "S-Fazulyanov"]
[Result "1-0"]
[WhiteElo "2300"]
[BlackElo "2496"]
[TimeControl "180+1"]
[EndTime "12:29:01 PDT"]
[Termination "mjray79 won by checkmate"]

1. d4 d5 2. c4 c6 3. Nf3 Nf6 4. g3 a6 5. Bg2 dxc4 6. Ne5 Nfd7 7. Nxc4 Nb6 8. Ne5 N8d7 9. Nf3 g6 10. O-O Bg7 11.
e4 O-O 12. Nc3 e5 13. d5 c5 14. Bg5 f6 15. Be3 Rf7 16. Rc1 Bf8 17. d6 Nc4 18.
Nd5 Nxe3 19. Nxe3 Nb6 20. Rxc5 Qxd6 21. Rc1 Be6 22. Qe2 Bxa2 23. Rfd1 Qe6 24. Nd5 Bxd5 25. exd5 Qd6 26. Bh3 Rd8 27. Be6 Kg7 28. Bxf7 Kxf7 29.
Qe4 Bh6 30. Rc2 Re8 31. g4 Bf4 32. h4 Qd7 33. Nh2 f5 34. Qf3 Qa4 35. Rc7+ Kg8 36.
d6 e4 37. Qe2 Rd8 38. Rxb7 Rxd6 39. Rxd6 Bxd6 40. Rxb6 Qd4 41. Qe3 Qe5 42. Qg3 f4 43. Qb3+ Kg7 44. Rb7+ Kh6 45. g5+ Kh5 46. Rxh7# 1-0

[Event "*** Titled Tuesday Blitz"]
[Site "Chess.com"]
[Date "2020.05.19"]
[Round "3"]
[White "Alomaterapia"]
[Black "AuggieWren"]
[Result "1-0"]
[WhiteElo "2518"]
[BlackElo "2283"]
[TimeControl "180+1"]
[EndTime "12:29:01 PDT"]
[Termination "Alomaterapia won by resignation"]

1. d4 d5 2. c4 c6 3. Nf3 Nf6 4. e3 Bf5 5. Nc3 e6 6. Nh4 Be4 7. f3 Bg6 8. Qb3 Qc7 9. Bd2 Nbd7 10. cxd5 exd5 11. Nxg6 hxg6 12. e4 dxe4 13. fxe4 Qb6 14. e5 Qxb3 15. axb3 Ng4 16. O-O-O Nf2 17. Be2 Nxh1 18. Rxh1 Nb6 19. Bg4 Bb4 20. h3 O-O 21. h4 Rfd8 22. Be3 Bxc3 23. bxc3 Nd5 24. Bd2 a5 25. h5 gxh5 26. Bxh5 a4 27. b4 a3 28. Kb1 Nb6 29. Ka2 Nc4 30. Bg5 f6 31. exf6 gxf6 32. Bxf6 Rf8 33. Rf1 c5 34. bxc5 Nd2 35.
Rf4 Ra6 36. Rg4+ Kh7 37. Bh4 Kh6 38. Rg5 Ne4 39. Re5 Nxc3+ 40. Ka1 Rf1+ 41. Be1 Rxe1+ 42. Rxe1 Kxh5 43. Re3 Nb5 44. d5 a2 45. d6 Kg6 46. d7 Ra8 47. Re8 Nd4 48. Rxa8 Nc6 49. d8=Q Nxd8 50. Rxd8 1-0

[Event "*** Titled Tuesday Blitz"]
[Site "Chess.com"]
[Date "2020.05.19"]
[Round "3"]
[White "velemajstor767276"]
[Black "Alexander_Zubov"]
[Result "0-1"]
[WhiteElo "2642"]
[BlackElo "2947"]
[TimeControl "180+1"]
[EndTime "12:29:02 PDT"]
[Termination "Alexander_Zubov won on time"]

1. d4 Nf6 2. Bg5 d5 3. e3 c5 4. Bxf6 gxf6 5. Nc3 e6 6. Qh5 cxd4 7. exd4 Bb4 8.
Bb5+ Nc6 9. Ne2 Bd7 10. O-O Ne7 11. Nf4 Ng6 12. Qf3 Bxc3 13. Bxd7+ Qxd7 14. bxc3 Qc7 15. Nh5 f5 16. g3 Rc8 17. Rab1 b6 18. Rb3 Kf8 19.
Qe3 h6 20. a4 Qd7 21. a5 b5 22. a6 Ke7 23. Rfb1 Rb8 24. Kf1 Rb6 25. Qd3 Rhb8 26. Qe3 Rxa6 27. Qxh6 Rab6 28. Qg5+ Kf8 29. Qf6 Qd8 30.
Qg7+ Ke7 31. Re1 a5 32. Qf6+ Kf8 33. Qg7+ Ke7 34. Qf6+ Kd6 35. Qxf7 Qe8 36. Qf6 a4 37. Ng7 Qd7 38. Rxe6+ Kc7 39. Rxb6 Rxb6 40. Qxf5 Qxf5 41.
Nxf5 axb3 0-1